 Dungeon Crawl Stone Soup version 0.26-a0-835-g8259106e14 (webtiles) character file.

Game seed: 3739700375368312851

250756 BuffBuff the Bludgeoner (level 20, -13/134 HPs)
             Began as a Gargoyle Fighter on Nov 17, 2020.
             Was the Champion of Elyvilon.
             Mangled by an acid blob (23 damage)
             ... on level 5 of the Lair of Beasts.
             The game lasted 03:03:40 (32862 turns).

BuffBuff the Bludgeoner (Gargoyle Fighter)         Turns: 32862, Time: 03:03:40

Health: -13/134    AC: 39    Str: 28    XL:     20   Next: 8%
Magic:  1/22       EV:  9    Int: 14    God:    Elyvilon [******]
Gold:   2363       SH: 23    Dex:  7    Spells: 19/19 levels left

rFire    + . .     SeeInvis +   a - +5 morningstar (freeze)
rCold    + . .     Faith    .   M - +1 tower shield {reflect}
rNeg     + . .     Spirit   .   S - +4 crystal plate armour
rPois    ∞         Reflect  +   s - +2 helmet "Ickackeken" {+Inv rF+ Int+4 SInv}
rElec    +         Harm     .   n - +1 cloak of Starlight {rElec rC+ EV+4 Stlth--}
rCorr    .         Rampage  .   f - +1 pair of gloves
MR       +++..                  r - +0 pair of boots
Stlth    ..........             C - amulet of regeneration
HPRegen  0.72/turn              m - ring of protection from magic
MPRegen  0.18/turn              A - ring of Luzuuho {rPois MR+}

@: corroded, flying, studying 2 skills
A: big wings, clumsy 1, deterioration 1, low mp 1, negative energy resistance 1,
electricity resistance, unbreathing, petrification resistance, rot immunity, AC
+15
}: 1/15 runes: serpentine
a: Stop Flying, Lesser Healing, Heal Other, Purification, Greater Healing,
Divine Vigour, Divine Protection, Renounce Religion, Evoke Invisibility


You were on level 5 of the Lair of Beasts.
You worshipped Elyvilon.
Elyvilon was exalted by your worship.
You visited 7 branches of the dungeon, and saw 29 of its levels.
You visited the Abyss 1 time.
You also visited: Trove and Bailey.

You collected 4107 gold pieces.
You spent 1744 gold pieces at shops.

Inventory:

Hand Weapons
 a - a +5 morningstar of freezing (weapon)
 b - a +0 whip of flaming
 c - the +1 mace "Hevibi Idduxt" {protect, Str+3}
   (You took it off a deep elf sorcerer on level 3 of the Elven Halls)

   It grants its wielder temporary protection when it strikes (+7 to AC).
   It affects your strength (+3).
Missiles
 j - 98 poisoned darts
 E - 7 atropa-tipped darts (quivered)
Armour
 f - a +1 pair of gloves (worn)
 n - the +1 cloak of Starlight (worn) {rElec rC+ EV+4 Stlth--}
   (You acquired it on level 11 of the Dungeon)

   It affects your evasion (+4).
   It protects you from cold.
   It insulates you from electricity.
   It makes you much less stealthy.
 r - a +0 pair of boots (worn)
 s - the +2 helmet "Ickackeken" (worn) {+Inv rF+ Int+4 SInv}
   (You bought it in a shop on level 2 of the Snake Pit)

   It affects your intelligence (+4).
   It protects you from fire.
   It lets you see invisible.
   It lets you turn invisible.
 v - +0 fire dragon scales
 M - a +1 tower shield of reflection (worn)
 S - a +4 crystal plate armour (worn)
Jewellery
 m - a ring of protection from magic (left hand)
 t - a +6 ring of strength
 y - an uncursed ring of protection from cold
 A - the ring of Luzuuho (right hand) {rPois MR+}
   (You found it on level 6 of the Lair of Beasts)

   [ring of protection from magic]

   It protects you from poison.
   It affects your resistance to hostile enchantments.
 C - an amulet of regeneration (around neck)
Wands
 o - a wand of polymorph (18)
 u - a wand of paralysis (9)
 x - a wand of disintegration (11)
 F - a wand of iceblast (17)
 I - a wand of acid (50)
 O - a wand of digging (3)
Scrolls
 h - 16 scrolls of remove curse
 i - 3 scrolls of teleportation
 l - 5 scrolls of fog
 p - 5 scrolls of enchant weapon
 z - 3 scrolls of amnesia
 H - 16 scrolls of identify
 J - 2 scrolls of magic mapping
 K - a scroll of brand weapon
 R - 3 scrolls of blinking
 V - a scroll of fear
Potions
 d - 7 potions of lignification
 g - 14 potions of curing
 k - 2 potions of magic
 q - 6 potions of resistance
 D - a potion of brilliance
 G - 2 potions of invisibility
 N - 2 potions of cancellation
Books
 T - a manual of Short Blades
 U - a manual of Translocations
Miscellaneous
 e - a phantom mirror
 w - a phantom mirror


   Skills:
 + Level 17.1 Fighting
 + Level 18.2 Maces & Flails
 + Level 17.0 Armour
 + Level 17.2 Shields
 - Level 7.0 Invocations
 + Level 9.2 Evocations


You had 19 spell levels left.
You didn't know any spells.
Your spell library contained the following spells:

 Spells                   Type           Power        Failure   Level
 Animate Skeleton         Necr           #.....       100%        1
 Beastly Appendage        Tmut           #.....       100%        1
 Corona                   Hex            #......      100%        1
 Freeze                   Ice            #...         100%        1
 Shock                    Conj/Air       #...         100%        1
 Sting                    Tmut/Pois      #...         100%        1
 Summon Small Mammal      Summ           #...         100%        1
 Call Imp                 Summ           #.......     100%        2
 Corpse Rot               Necr/Air       N/A          100%        2
 Ensorcelled Hibernation  Hex/Ice        #.....       100%        2
 Poisonous Vapours        Pois/Air       #.....       100%        2
 Swiftness                Air            #.......     100%        2
 Wereblood                Tmut           #.......     100%        2
 Call Canine Familiar     Summ           #.......     100%        3
 Confusing Touch          Hex            #.......     100%        3
 Dazzling Flash           Conj/Hex       #.....       100%        3
 Frozen Ramparts          Ice            #.....       100%        3
 Ignite Poison            Fire/Tmut/Pois #.......     100%        3
 Mephitic Cloud           Conj/Pois/Air  #.......     100%        3
 Ozocubu's Armour         Ice            #.......     100%        3
 Spider Form              Tmut/Pois      #.........   100%        3
 Static Discharge         Conj/Air       #.......     100%        3
 Summon Guardian Golem    Hex/Summ       #.......     100%        3
 Tukima's Dance           Hex            #.......     100%        3
 Airstrike                Air            #.........   100%        4
 Animate Dead             Necr           #.........   100%        4
 Cause Fear               Hex            #.........   100%        4
 Hailstorm                Conj/Ice       #.......     100%        4
 Ice Form                 Ice/Tmut       #.......     100%        4
 Olgreb's Toxic Radiance  Pois           #.......     100%        4
 Petrify                  Tmut/Erth      #.......     100%        4
 Summon Ice Beast         Ice/Summ       #.......     100%        4
 Summon Lightning Spire   Summ/Air       #.......     100%        4
 Agony                    Necr           #.......     100%        5
 Alistair's Intoxication  Tmut/Pois      #........    100%        5
 Blade Hands              Tmut           #.........   100%        5
 Bolt of Magma            Conj/Fire/Erth #.........   100%        5
 Borgnjor's Vile Clutch   Necr/Erth      #.........   100%        5
 Irradiate                Conj/Tmut      #.........   100%        5
 Iskenderun's Battlesphe  Conj           #.......     100%        5
 Lightning Bolt           Conj/Air       #.........   100%        5
 Summon Forest            Summ/Tloc      #.........   100%        5
 Yara's Violent Unravell  Hex/Tmut       #.........   100%        5
 Death Channel            Necr           #.........   100%        6
 Eringya's Noxious Bog    Tmut/Pois      #.........   100%        6
 Iron Shot                Conj/Erth      #.........   100%        6
 Simulacrum               Ice/Necr       #.........   100%        6
 Haunt                    Necr/Summ      #.........   100%        7
 Malign Gateway           Summ/Tloc      #.........   100%        7
 Monstrous Menagerie      Summ           #.........   100%        7
 Orb of Destruction       Conj           #.........   100%        7
 Spellforged Servitor     Conj/Summ      #.........   100%        7
 Summon Greater Demon     Summ           #.........   100%        7
 Summon Horrible Things   Summ           #.........   100%        8
 Sublimation of Blood     Necr           Unusable     N/A         2

Dungeon Overview and Level Annotations

Branches:
Dungeon (12/15)            Temple (1/1) D:7            Lair (6/6) D:9
 Shoals (0/4) Lair:3        Snake (4/4) Lair:4        Slime (1/5) Lair:5
    Orc (2/2) D:12            Elf (3/3) Orc:2        Bailey (visited)

Altars:
Ashenzari
Cheibriados
Dithmenos
Elyvilon
Fedhas
Gozag
Hepliaklqana
Kikubaaqudgha
Nemelex Xobeh
Okawaru
Qazlal
Ru
Sif Muna
Trog
Uskayaw
Vehumet
Wu Jian
Xom
Yredelemnul
Zin
The Shining One
Beogh

Shops:
D:6 [   D:8 ?   D:10 (=*   Orc:2 ?[}:   Elf:3 (   Snake:2 [

Annotations:
D:11 3 runed translucent doors, Zarkath's ghost, journeyman MfIE
D:12 1 runed translucent door


Innate Abilities, Weirdness & Mutations

You are resistant to torment.
Your stone body is resilient. (AC +15)
You are immune to poison.
Your large and strong wings let you fly indefinitely.
You resist negative energy. (rN+)
You are resistant to electric shocks. (rElec)
You can survive without breathing.
You are immune to petrification.
You are immune to rotting.
You are clumsy. (Dex -2)
Your body sometimes deteriorates upon taking damage.
Your magical capacity is low. (-10% MP)


Message History

You block the azure jelly's attack.
You are splashed with acid!
* * * LOW HITPOINT WARNING * * *
You are splashed with acid!
* * * LOW HITPOINT WARNING * * *
You block the slime creature's attack.
You are splashed with acid!
* * * LOW HITPOINT WARNING * * *
The eye of draining gazes at you.
You feel your power leaking away.
You feel better.
You are splashed with acid!
* * * LOW HITPOINT WARNING * * *
The eye of draining gazes at you.
You feel better. The acid blob spits acid at you.
The splash of acid hits you but does no damage.
The acid corrodes you!
You are splashed with acid!!
* * * LOW HITPOINT WARNING * * *
You feel better. The acid blob hits you!!
You die...

#...PP..........................
#...P♣.....................##P..
#...................#.......#...
###...............#...#....#.#..
####........................P....
#.#.P.............#..>........#P.
#.................G..............
#.......#.#.#......#...#.........
####...P######..@JJ..#......##.#.
###### #....J.........##...
#..............##...
##............P#####
##.....P..#.### ####P.##..##
######.# ###


You could see an acid blob, an azure jelly, a slime creature and an eye of
draining.

Vanquished Creatures
  Saint Roka (Snake:1)
  Nikola (Snake:1)
  2 deep elf blademasters
  2 deep elf master archers (Elf:3)
  A sphinx (Elf:1)
  Agnes (Snake:4)
  Kirke (Snake:3)
  2 tentacled starspawn (Abyss:4)
  An Executioner (Abyss:3)
  11 nagarajas
  6 deep elf sorcerers
  Aizul (Snake:1)
  A deep elf elementalist (Elf:3)
  6 deep elf annihilators (Elf:3)
  7 deep elf demonologists
  Azrael (Snake:1)
  7 deep elf death magi
  2 fire dragons (Elf:1)
  2 deep elf high priests (Elf:3)
  Josephine (Lair:5)
  4 hydras
  2 boulder beetles (Lair:4)
  3 catoblepae (Lair:6)
  9 anacondas
  13 naga warriors
  4 two-headed ogres
  21 dancing weapons
  A death knight (D:11)
  3 ogre magi (Orc:2)
  Erica (D:9)
  15 death yaks
  7 naga sharpshooters
  Urug (Lair:5)
  8 shock serpents
  2 salamander mystics
  A fire crab (Lair:6)
  16 deep elf knights
  A wretched star (Abyss:3)
  A glowing orange brain (Abyss:3)
  9 sea snakes (Snake:4)
  A spatial maelstrom (Abyss:3)
  An unseen horror (D:11)
  Pikel (D:7)
  11 deep elf archers
  8 naga ritualists
  3 harpies (Elf:1)
  An orc knight (Orc:2)
  46 deep elf magi
  An ugly thing (D:11)
  10 orc sorcerers
  14 mana vipers
  4 cyclopes
  4 manticores
  5 large abominations
  A worldbinder (Abyss:4)
  10 salamanders
  A merfolk siren (Lair:3)
  20 naga magi
  A centaur zombie (D:11)
  3 elephants (Lair:6)
  An apocalypse crab (Abyss:3)
  46 black mambas
  5 guardian serpents
  Maggie (D:8)
  2 centaur skeletons
  11 cane toads
  2 freezing wraiths (D:11)
  2 rime drakes
  10 komodo dragons
  3 merfolk (Lair:3)
  3 polar bears
  2 guardian mummies (D:11)
  6 trolls
  A small abomination (Elf:3)
  A slime creature (Slime:1)
  6 dream sheep (Lair:6)
  A raiju (Abyss:3)
  Prince Ribbit (D:6)
  17 blink frogs
  7 wraiths
  An air elemental (Elf:1)
  8 wyverns
  Eustachio (D:4)
  7 fire elementals
  A ynoxinul (Abyss:3)
  3 basilisks
  55 yaks
  2 hogs (Snake:3)
  A steam dragon (D:8)
  A chaos spawn (Elf:3)
  Menkaure (D:4)
  49 nagas
  An acid dragon (D:11)
  A soldier ant (D:10)
  3 wargs
  12 water moccasins
  2 hell hounds
  The ghost of Tman the Sneak, an amateur SpEn (D:4)
  5 black bears
  19 orc warriors
  3 sky beasts
  3 ice beasts
  An eye of draining (D:12)
  3 phantoms
  7 wolves
  A necrophage (D:8)
  10 ogres
  4 centaurs
  14 bullfrogs
  4 earth elementals
  A wyvern zombie (D:11)
  5 scorpions
  5 killer bees
  11 wights
  2 electric eels (Lair:4)
  4 howler monkeys
  6 jellies
  A crimson imp (Abyss:4)
  A quasit (D:6)
  A bullfrog zombie (D:10)
  17 orc priests
  8 hounds
  40 orc wizards
  2 gnoll shamans
  Ijyb (D:4)
  4 iguanas
  6 hell rats (Lair:6)
  7 worker ants
  2 hound skeletons
  A mummy (D:8)
  A howler monkey zombie (D:7)
  2 worker ant zombies
  8 gnolls
  18 adders
  2 shadow imps
  An ufetubus (D:4)
  7 oozes
  An adder zombie (D:7)
  2 adder skeletons
  3 worms (D:2)
  4 dart slugs
  5 leopard geckos
  69 orcs
  7 bats
  9 giant cockroaches
  10 goblins
  13 hobgoblins
  19 jackals
  21 kobolds
  8 quokkas
  5 frilled lizards
  A jackal skeleton (D:4)
  5 rats
  A starspawn tentacle (Abyss:4)
1024 creatures vanquished.

Vanquished Creatures (collateral kills)
  A naga warrior (Snake:4)
  An anaconda (Snake:4)
  A naga sharpshooter (Snake:4)
  A shock serpent (Snake:4)
  2 guardian serpents (Snake:4)
  A black mamba (Snake:4)
  4 nagas (Snake:4)
11 creatures vanquished.

Vanquished Creatures (others)
  A deep elf blademaster (Elf:3)
  A nagaraja (Snake:4)
  A deep elf annihilator (Elf:3)
  A deep elf knight (Elf:2)
  A deep elf mage (Elf:1)
  A water elemental (Elf:3)
  A human (Snake:3)
  2 nagas (Snake:4)
  An orc wizard (Orc:2)
  A quokka (D:5)
  20 fungi
  58 plants
  12 starspawn tentacles (Abyss:4)
101 creatures vanquished.

Grand Total: 1136 creatures vanquished

Notes
Turn   | Place    | Note
-------+----------+-------------------------------------------
     0 | D:1      | BuffBuff the Gargoyle Fighter began the quest for the Orb.
     0 | D:1      | Reached XP level 1. HP: 14/14 MP: 1/1
   157 | D:1      | Reached XP level 2. HP: 17/19 MP: 2/2
   453 | D:1      | Reached XP level 3. HP: 23/23 MP: 3/3
   782 | D:2      | Reached skill level 3 in Maces & Flails
   885 | D:2      | Reached XP level 4. HP: 29/29 MP: 4/4
  1225 | D:2      | Reached XP level 5. HP: 33/33 MP: 5/5
  1421 | D:3      | Found an ornate altar of the Wu Jian Council.
  1993 | D:4      | Noticed Menkaure
  1997 | D:4      | Killed Menkaure
  1998 | D:4      | Reached skill level 4 in Maces & Flails
  1998 | D:4      | Reached XP level 6. HP: 39/39 MP: 6/6
  2240 | D:4      | Noticed Ijyb
  2244 | D:4      | Paralysed by Ijyb for 5 turns
  2252 | D:4      | Paralysed by Ijyb for 3 turns
  2259 | D:4      | Killed Ijyb
  2368 | D:4      | Reached XP level 7. HP: 44/44 MP: 7/7
  2537 | D:4      | Noticed Eustachio
  2572 | D:4      | Killed Eustachio
  2573 | D:4      | Reached skill level 5 in Maces & Flails
  2573 | D:4      | Reached skill level 5 in Armour
  2573 | D:4      | Reached skill level 5 in Shields
  2967 | D:4      | Found a runed translucent door.
  2972 | D:4      | Noticed Tman's ghost (amateur SpEn)
  2997 | D:4      | Reached skill level 5 in Fighting
  3027 | D:4      | Killed Tman's ghost
  3083 | D:5      | Entered Level 5 of the Dungeon
  3237 | D:5      | Reached XP level 8. HP: 32/49 MP: 8/8
  3272 | D:5      | Reached skill level 6 in Maces & Flails
  3796 | D:5      | Found a white marble altar of Elyvilon.
  4827 | D:5      | Became a worshipper of Elyvilon the Healer
  4901 | D:6      | Reached skill level 7 in Maces & Flails
  5115 | D:6      | Reached XP level 9. HP: 52/56 MP: 9/9
  5197 | D:6      | Found a shadowy altar of Dithmenos.
  5257 | D:6      | Found Vozaosiq's Antique Armour Emporium.
  5263 | D:6      | Reached * piety under Elyvilon
  5268 | D:6      | Bought a twisted scale mail for 225 gold pieces
  5278 | D:6      | Identified the cursed +1 scale mail "Dizublughi" {+Blink}
                  | (You bought it in a shop on level 6 of the Dungeon)
  5420 | D:6      | Noticed Prince Ribbit
  5440 | D:6      | Killed Prince Ribbit
  6147 | D:7      | Noticed Pikel
  6169 | D:7      | Killed Pikel
  6170 | D:7      | Reached skill level 8 in Maces & Flails
  6337 | D:7      | Reached skill level 1 in Invocations
  6630 | D:7      | Found a staircase to the Ecumenical Temple.
  6642 | Temple   | Entered the Ecumenical Temple
  6790 | D:7      | Reached ** piety under Elyvilon
  7022 | D:8      | Found Roblolix's Magic Scroll Shop.
  7082 | D:8      | Reached XP level 10. HP: 21/63 MP: 11/11
  7441 | D:8      | Reached skill level 9 in Maces & Flails
  7490 | D:8      | Noticed a two-headed ogre
  7555 | D:8      | Found a hide-covered altar of Uskayaw.
  7555 | D:8      | Found a glowing silver altar of Zin.
  7733 | D:8      | Noticed Maggie
  7761 | D:8      | Killed Maggie
  7908 | D:8      | Noticed a two-headed ogre
  8162 | D:8      | Found a snail-covered altar of Cheibriados.
  8244 | D:9      | Reached *** piety under Elyvilon
  8324 | D:9      | Found a flagged portal.
  8358 | Bailey   | Entered a bailey
  8782 | D:9      | Noticed a two-headed ogre
  8812 | D:9      | Reached skill level 10 in Maces & Flails
  8820 | D:9      | Killed a two-headed ogre
  8821 | D:9      | Reached XP level 11. HP: 48/69 MP: 14/14
  9020 | D:9      | Found a staircase to the Lair.
  9115 | D:9      | Found a blossoming altar of Fedhas.
  9273 | D:9      | Found a glowing golden altar of the Shining One.
  9275 | D:9      | Noticed Erica
  9313 | D:9      | Killed Erica
  9458 | D:10     | Entered Level 10 of the Dungeon
  9463 | D:10     | Noticed a two-headed ogre
  9626 | D:10     | Found Bimepoll's Antique Weapon Shop.
  9694 | D:10     | Reached skill level 5 in Invocations
  9854 | D:10     | Found Juluojar's Lightly-Used Armoury.
  9981 | D:10     | Reached **** piety under Elyvilon
 10028 | D:10     | Killed a two-headed ogre
 10263 | D:10     | Found Cotigamya's Jewellery Shop.
 10549 | D:11     | Reached skill level 11 in Maces & Flails
 10785 | D:11     | Noticed a green ugly thing
 10810 | D:11     | Killed a green ugly thing
 11070 | D:11     | Found a runed translucent gate.
 11070 | D:11     | Found a runed translucent gate.
 11070 | D:11     | Found a runed translucent gate.
 11071 | D:11     | Noticed Zarkath's ghost (journeyman MfIE)
 11089 | D:11     | Noticed a death knight
 11130 | D:11     | Killed a death knight
 11491 | D:11     | Reached XP level 12. HP: 76/76 MP: 16/16
 12192 | D:11     | Found a portal to a secret trove of treasure.
 12218 | Trove    | Entered a treasure trove
 12288 | Trove    | Got a crude tin amulet
 12292 | Trove    | Got a fine platinum amulet
 12311 | Trove    | Identified Sif Muna's Handbook of Creative Hexes
 12339 | Trove    | Identified the amulet "Emmiragu" {Acrobat rElec} (You found
                  | it in a treasure trove)
 12360 | Trove    | Identified the amulet "Xiuruusm" {Faith Dex+3} (You found
                  | it in a treasure trove)
 12385 | D:11     | Identified a scroll of acquirement
 12385 | D:11     | Acquired the +1 cloak of Starlight {rElec rC+ EV+4 Stlth--}
 12386 | D:11     | Found the +1 cloak of Starlight {rElec rC+ EV+4 Stlth--}
 12572 | Lair:1   | Entered Level 1 of the Lair of Beasts
 13062 | Lair:1   | Reached skill level 10 in Fighting
 13740 | Lair:2   | Reached skill level 12 in Maces & Flails
 13787 | Lair:2   | Reached skill level 10 in Shields
 13948 | Lair:2   | Reached skill level 10 in Armour
 13961 | Lair:2   | Identified the Grimoire of Black Rites
 14841 | Lair:3   | Found a basalt altar of Yredelemnul.
 14911 | Lair:3   | Noticed an eight-headed hydra
 14932 | Lair:3   | Killed an eight-headed hydra
 15055 | Lair:3   | Noticed a death yak
 15055 | Lair:3   | Noticed a death yak
 15056 | Lair:3   | Noticed a death yak
 15056 | Lair:3   | Noticed a death yak
 15082 | Lair:3   | Killed a death yak
 15083 | Lair:3   | Reached XP level 13. HP: 77/83 MP: 18/18
 15092 | Lair:3   | Reached skill level 13 in Maces & Flails
 15292 | Lair:3   | Found a staircase to the Shoals.
 15596 | Lair:4   | Found a staircase to the Snake Pit.
 16465 | Lair:4   | Reached skill level 14 in Maces & Flails
 16465 | Lair:4   | Gained mutation: Your large and strong wings let you fly
                  | indefinitely. [Gargoyle growth]
 16465 | Lair:4   | Reached XP level 14. HP: 90/90 MP: 19/19
 16502 | Lair:5   | Noticed Urug
 16527 | Lair:5   | Killed Urug
 16698 | Lair:5   | Noticed Josephine
 16707 | Lair:5   | Killed Josephine
 16848 | Lair:5   | Found a staircase to the Slime Pits.
 17264 | Lair:5   | Reached ***** piety under Elyvilon
 17473 | Lair:6   | Entered Level 6 of the Lair of Beasts
 17659 | Lair:6   | Reached XP level 15. HP: 89/96 MP: 20/20
 17701 | Lair:6   | Reached skill level 15 in Maces & Flails
 17987 | Lair:6   | Got a pitted marble ring
 17992 | Lair:6   | Identified the ring of Luzuuho {rPois MR+} (You found it on
                  | level 6 of the Lair of Beasts)
 18889 | Snake:1  | Entered Level 1 of the Snake Pit
 18933 | Snake:1  | Noticed Nikola
 18947 | Snake:1  | Killed Nikola
 19300 | Snake:1  | Reached skill level 16 in Maces & Flails
 19725 | Snake:1  | Reached XP level 16. HP: 104/104 MP: 21/21
 19772 | Snake:1  | Noticed Aizul
 19794 | Snake:1  | Killed Aizul
 20344 | Snake:1  | Noticed a nagaraja
 20606 | Snake:1  | Killed a nagaraja
 20652 | Snake:1  | Got a serpentine glass ring
 20654 | Snake:1  | Identified the ring "Mougaqoo" {*Tele rC+ Dex+2} (You found
                  | it on level 1 of the Snake Pit)
 20839 | Snake:2  | Noticed a nagaraja
 20845 | Snake:1  | Noticed Azrael
 20848 | Snake:2  | Noticed Saint Roka
 20928 | Snake:1  | Killed a nagaraja
 21248 | Snake:1  | Killed Saint Roka
 22059 | Snake:2  | Found Zagom's Antique Armour Shop.
 22067 | Snake:2  | Bought a jewelled helmet for 275 gold pieces
 22077 | Snake:2  | Identified the +2 helmet "Ickackeken" {+Inv rF+ Int+4 SInv}
                  | (You bought it in a shop on level 2 of the Snake Pit)
 22270 | Snake:3  | Reached skill level 1 in Evocations
 22343 | Snake:3  | Noticed Kirke
 22367 | Snake:3  | Killed Kirke
 22368 | Snake:3  | Reached skill level 15 in Shields
 22539 | Snake:3  | Noticed a nagaraja
 22546 | Snake:3  | Killed a nagaraja
 22685 | Snake:3  | Reached ****** piety under Elyvilon
 22782 | Snake:4  | Entered Level 4 of the Snake Pit
 22900 | Snake:4  | Reached XP level 17. HP: 88/112 MP: 22/22
 23458 | Snake:4  | Reached skill level 15 in Fighting
 23527 | Snake:4  | Noticed Agnes
 23564 | Snake:4  | Got a serpentine rune of Zot
 23581 | Snake:4  | Reached skill level 15 in Armour
 23614 | Snake:4  | Reached skill level 5 in Evocations
 23812 | Snake:4  | Killed Agnes
 24499 | Snake:4  | Reached XP level 18. HP: 95/119 MP: 23/23
 24809 | Snake:1  | Killed Azrael
 25061 | D:12     | Reached skill level 17 in Maces & Flails
 25547 | D:12     | Found a runed translucent door.
 25601 | D:12     | Found a staircase to the Orcish Mines.
 25687 | D:12     | Found a stormy altar of Qazlal.
 25952 | Orc:1    | Entered Level 1 of the Orcish Mines
 26166 | Orc:2    | Entered Level 2 of the Orcish Mines
 26714 | Orc:2    | Found a staircase to the Elven Halls.
 26966 | Orc:2    | Found Xinam's Book Shoppe.
 27096 | Orc:2    | Found a radiant altar of Vehumet.
 27183 | Orc:2    | Found an ancient bone altar of Kikubaaqudgha.
 27340 | Orc:2    | Found Yloduh's Gadget Emporium.
 27412 | Orc:2    | Found a roughly hewn altar of Beogh.
 27412 | Orc:2    | Found Jeyj's Antique Armour Emporium.
 27419 | Orc:2    | Found Quhunaj's Magic Scroll Shoppe.
 27476 | Orc:2    | Bought a scroll of enchant armour for 97 gold pieces
 27476 | Orc:2    | Bought a scroll of enchant armour for 97 gold pieces
 27610 | D:10     | Bought a -2 crystal plate armour for 1050 gold pieces
 27724 | Elf:1    | Entered Level 1 of the Elven Halls
 27979 | Elf:1    | Identified the Almanac of the Entourage
 28752 | Elf:2    | Found a runed translucent gate.
 28754 | Elf:2    | Found a runed translucent gate.
 28755 | Elf:2    | Found a runed translucent gate.
 29206 | Elf:2    | Reached XP level 19. HP: 116/125 MP: 24/24
 29931 | Elf:3    | Entered Level 3 of the Elven Halls
 30035 | Elf:3    | Noticed a Tzitzimitl
 30037 | Elf:3    | Noticed an Ice Fiend
 30184 | Elf:3    | Noticed a Hell Sentinel
 30238 | Elf:3    | Found Qotur's Weapon Shop.
 30822 | Elf:3    | Gained mutation: You are clumsy. (Dex -2) [a neqoxec]
 30823 | Elf:3    | Gained mutation: Your magical capacity is low. (-10% MP) [a
                  | neqoxec]
 30825 | Elf:3    | Gained mutation: Your body sometimes deteriorates upon
                  | taking damage. [a neqoxec]
 30874 | Elf:3    | Identified the cursed +0 mace "Igeupsy" {venom, rF- rC++
                  | MR+ Int+4}
 31487 | Elf:3    | Reached skill level 18 in Maces & Flails
 31529 | Elf:3    | Identified the +1 mace "Hevibi Idduxt" {protect, Str+3}
 31530 | Elf:3    | Cast into level 2 of the Abyss (a deep elf sorcerer)
 31910 | Abyss:4  | Found an iron altar of Okawaru.
 31954 | Elf:3    | Escaped the Abyss
 31961 | Elf:3    | Noticed a Hell Sentinel
 31970 | Elf:3    | Noticed a Tzitzimitl
 31996 | Elf:3    | Identified the +9 plate armour of Lugonu's Approval {Harm
                  | Int-5 Stlth+}
 32000 | Elf:3    | Noticed a Hell Sentinel
 32075 | Elf:3    | Reached XP level 20. HP: 53/134 MP: 22/22
 32828 | Slime:1  | Entered Level 1 of the Pits of Slime
 32857 | Lair:5   | HP: 5/134 [acid (10)]
 32861 | Lair:5   | HP: 1/134 [acid (19)]
 32862 | Lair:5   | Mangled by an acid blob

Illustrated notes

Levels and vault maps discovered:
D:1:      dpeg_arrival_round_b, layout_basic
D:2:      layout_rooms, minmay_close_crescents
D:3:      layout_basic, lemuel_round_altar
D:4:      layout_basic, ebering_ghost_sewer_d, uniq_eustachio, uniq_menkaure,
          uniq_ijyb
D:5:      layout_basic, grunt_temple_overflow_lords_of_destruction,
          elyvilon_altar_4, st_stairs_6
D:6:      layout_loops_corners, kennysheep_little_box, serial_shops,
          nicolae_shop_statue_plus, uniq_prince_ribbit1
D:7:      layout_rooms, temple_hall, uniq_pikel
D:8:      layout_cave_pools, chequers_temple_overflow_statue_of_worship,
          slow_altar_2, serial_shops, shop, onia_ninara_dug_in_and_dangerous,
          uniq_maggie
D:9:      layout_roguey, minmay_lair_entry_grove, basic_altar, enter_bailey_2,
          nicolae_tso_swordbearing_angel, uniq_erica
D:10:     layout_long_grid, serial_shops, shop_fountains,
          nicolae_shop_overgrown_old_shop, minmay_shop_damaged,
          grunt_ministairs_10
D:11:     layout_irregular_city, gammafunk_ghost_spectres,
          nicolae_trove_entry_path_of_doom
D:12:     minmay_gate_of_8, layout_cave_pools, serial_rivers,
          chequers_serial_rivers_micro_e, chequers_serial_rivers_micro_b,
          chequers_serial_rivers_small_a, chequers_serial_rivers_large_a,
          chequers_serial_rivers_small_b, minivault_26, grunt_qazlal_clouds
Temple:   jpeg_temple_clearing
Lair:1:   layout_layer_cave, beast_lair_carwin_5, infiniplex_staircase_pool_2
Lair:2:   layout_loops_ring, lemuel_fruit_fields, lemuel_fruit_fields
Lair:3:   layout_roguey, elwin_shoals_entry_stream, basic_altar
Lair:4:   layout_gridlike, guppyfry_snake_entry_garden, lemuel_fruit_fields,
          serial_bayou_shore_a
Lair:5:   layout_gridlike, nicolae_slime_entry_slimehenge, serial_forest,
          infiniplex_forest_lined_2, infiniplex_forest_straight_3,
          infiniplex_forest_clump_tiny, infiniplex_forest_clump_tiny,
          infiniplex_forest_clump_cross, lemuel_fruit_tree,
          serial_bayou_shore_b, uniq_josephine, uniq_urug
Lair:6:   evilmike_catoblepas_cave, layout_misc_corridors, grunt_megastairs_5
Snake:1:  kennysheep_snake, layout_grid_shapes,
          hangedman_snake_thin_pillar_pass, nrook_guardian_serpent_ordinary,
          uniq_aizul, uniq_azrael, uniq_nikola
Snake:2:  layout_onion_interference, serial_shops, shop_statue, uniq_saint_roka
Snake:3:  nicolae_snake_nest, layout_misc_corridors, drop_trap, uniq_kirke
Snake:4:  johnstein_snake_rune_scales, layout_onion_interference, st_stairs_4,
          serial_bayou_lake_a, uniq_agnes
Slime:1:  layout_caves
Orc:1:    layout_caves, special_room [special_room_orc]
Orc:2:    kennysheep_orc_mage_school, layout_diamond_mine
Elf:1:    layout_rooms, special_room [special_room_mythical_zoo],
          minmay_elf_demonology
Elf:2:    layout_gridlike
Elf:3:    grunt_elf_hall_spiral, layout_geoelf_grid, serial_shops,
          nicolae_shop_behind_doors

Skill      XL: |  1  2  3  4  5  6  7  8  9 10 11 12 13 14 15 16 17 18 19 |
---------------+----------------------------------------------------------+-----
Maces & Flails | 3 4 5 7 8 10 11 12 14 16 17 18 | 18.2
Shields        | 4 5 6 7 8 9 10 12 13 15 16 17 | 17.2
Armour         | 4 5 6 7 8 9 10 11 13 14 15 16 17 | 17.0
Fighting       | 4 5 6 7 8 9 10 11 13 14 15 16 17 | 17.1
Invocations    | 2 4 6 7 |  7.0
Evocations     | 2 5 7 9 |  9.2

Action                   |  1- 3 |  4- 6 |  7- 9 | 10-12 | 13-15 | 16-18 | 19-21 || total
-------------------------+-------+-------+-------+-------+-------+-------+-------++-------
Melee: Flail             |    98 |   241 |   420 |     2 |       |       |       ||   761
       Whip              |       |       |   156 |   180 |       |       |       ||   336
       Morningstar       |       |       |       |   609 |   708 |  1716 |   554 ||  3587
Throw: Dart              |       |       |    16 |    26 |       |    10 |       ||    52
Invok: Lesser Healing    |       |       |       |     1 |       |       |       ||     1
       Greater Healing   |       |       |       |     2 |       |    10 |     6 ||    18
 Abil: Fly               |       |       |       |       |       |     1 |       ||     1
       Evoke Invisibilit |       |       |       |       |       |       |     1 ||     1
  Use: Scroll            |       |     2 |    11 |    11 |     4 |    22 |     1 ||    51
       Potion            |       |     1 |     2 |     8 |     1 |     1 |     5 ||    18
 Stab: Petrified         |       |       |       |       |       |       |     1 ||     1
Armor: Scale mail        |    23 |       |    96 |    33 |       |       |       ||   152
       Chain mail        |    41 |   172 |   250 |       |       |       |       ||   463
       Swamp dragon scal |       |       |       |   339 |   154 |       |       ||   493
       Plate armour      |       |       |       |       |    71 |   613 |       ||   684
       Crystal plate arm |       |       |       |       |       |   148 |   328 ||   476
Dodge: Dodged            |    18 |    60 |   154 |   255 |   202 |   455 |   121 ||  1265
Block: Kite shield       |    41 |   146 |   328 |   425 |   329 |   526 |       ||  1795
       Tower shield      |       |       |       |       |       |  1073 |   618 ||  1691
       Reflection        |       |       |       |       |       |   125 |    62 ||   187

Table legend: (Time is in decaauts)
 A = Elapsed time spent in this place.
 B = Non-inter-level travel time spent in this place.
 C = Inter-level travel time spent in this place.
 D = Time resting spent in this place.
 E = Time spent auto-exploring this place.
 F = Levels seen in this place.
 G = Mean time per level.
                   A        B        C        D        E       F      G
               +--------+--------+--------+--------+--------+-----+--------+
         Total |  32213 |  30335 |   1878 |   7020 |  13069 |  34 |  947.4 |
       Dungeon |  13156 |  12387 |    769 |   3022 |   5288 |  12 | 1096.3 |
        Temple |    108 |    108 |      0 |      0 |     94 |   1 |  108.0 |
          Lair |   6360 |   6022 |    338 |    875 |   3712 |   6 | 1060.0 |
     Snake Pit |   5693 |   5226 |    467 |   1382 |   1977 |   4 | 1423.2 |
    Slime Pits |     17 |     17 |      0 |      0 |      0 |   1 |   17.0 |
  Orcish Mines |   1631 |   1472 |    159 |    303 |    618 |   2 |  815.5 |
   Elven Halls |   4304 |   4161 |    143 |   1363 |   1241 |   3 | 1434.7 |
         Abyss |    403 |    403 |      0 |     74 |     74 |   3 |  134.3 |
         Trove |    165 |    165 |      0 |      0 |      0 |   1 |  165.0 |
        Bailey |    372 |    372 |      0 |      0 |     65 |   1 |  372.0 |
               +--------+--------+--------+--------+--------+-----+--------+

Top non-repeatable levels by time:
 Snake:1: 2620 daAuts
   Elf:3: 2046 daAuts
    D:11: 1839 daAuts
 Snake:4: 1763 daAuts
     D:4: 1761 daAuts
   Orc:2: 1415 daAuts
     D:5: 1329 daAuts
   Elf:2: 1297 daAuts
  Lair:6: 1253 daAuts
  Lair:1: 1190 daAuts
     D:8: 1183 daAuts
     D:6: 1097 daAuts
    D:10: 1095 daAuts
  Lair:5: 1081 daAuts
     D:9: 1032 daAuts
